 Dungeon Crawl Stone Soup version 0.31-a0-177-g4aa6249778 (webtiles) character file.

Game seed: 14203910459363667171

88 qw the Shooter (level 4, -2/40 HPs)
             Began as a Naga Hunter on June 18, 2023.
             Killed by divine providence
             ... invoked by an orc priest
              (12 damage)
             ... on level 2 of the Dungeon.
             The game lasted 00:00:31 (1465 turns).

qw the Shooter (Naga Hunter)                        Turns: 1465, Time: 00:00:32

Health: -2/40      AC:  4    Str: 14    XL:     4   Next: 53%
Magic:  4/4        EV:  9    Int:  9    God:
Gold:   174        SH:  0    Dex: 16    Spells: 3/3 levels left

rFire   . . .        Y - +1 shortbow
rCold   . . .        (shield currently unavailable)
rNeg    . . .        c - +0 leather armour
rPois   +            (no helmet)
rElec   .            d - +0 cloak
rCorr   .            i - +0 pair of gloves
SInv    +            (no barding)
Will    .....        (no amulet)
Stlth   ++           (no ring)
HPRegen 0.26/turn    (no ring)
MPRegen 0.09/turn

%: no passive effects
@: about to teleport, short of breath, very slow
A: AC +1, large, see invisible, deformed body, poison resistance, slowness 2,
spit poison 1, naga tail 1
a: Spit Poison


You were on level 2 of the Dungeon.
You visited 1 branch of the dungeon, and saw 3 of its levels.

You collected 174 gold pieces.


Innate Abilities, Weirdness & Mutations

Your serpentine skin is tough. (AC +1)
You have supernaturally acute eyesight. (SInv)
Armour fits poorly on your strangely shaped body.
Your system is resistant to poisons. (rPois)
You cover ground very slowly.
You can spit poison.
You have a snake-like lower body.


   Skills:
 + Level 2.7 Fighting
 - Level 5.0 Ranged Weapons
 - Level 1.5 Dodging
 - Level 1.5 Stealth


You had 3 spell levels left.
You didn't know any spells.
Your spell library was empty.

Inventory:

Hand Weapons
 Y - a +1 shortbow (weapon)
Armour
 c - a +0 leather armour (worn)
 d - a +0 cloak (worn)
 i - a +0 pair of gloves (worn)
Scrolls
 a - 3 scrolls of teleportation
Potions
 b - a potion of curing {unknown}
 f - a potion of lignification {unknown}
 h - a potion of might {unknown}

Dungeon Overview and Level Annotations

Branches:
Dungeon (3/15)

Altars:
Cheibriados


Message History

The orc wizard is severely wounded.
The orc wizard hits you with a +0 dagger.
The orc priest mumbles some strange prayers to Beogh against you.
Beogh smites you!
The orc wizard hits you but does no damage.
1461 ||| STAIRDANCE The hobgoblin hits you but does no damage.
The orc priest mumbles some strange prayers to Beogh against you.
You struggle to resist.
The orc wizard hits you but does no damage.
You climb upwards.
There is a stone staircase leading down here.
Enter note:
Enter note:
Enter note:
Enter note:
Enter note:
Enter note:
Enter note:
Enter note:
Enter note: You shoot an arrow.
The arrow completely misses the orc wizard.
You have got your breath back.
You kill the orc wizard!
The orc priest hits you with a +0 hand axe.
The hobgoblin hits you.
1464 ||| INVOKING Spit Poison.
Aiming: Spit Poison (1% risk of failure)
Press: ? - help, Shift-Dir - straight line, f - orc priest The splash of poison hits the orc priest.
The orc priest is heavily wounded.
The orc priest calls down the wrath of Beogh upon you.
Beogh smites you! The hobgoblin barely misses you.
1465 ||| READING 4 scrolls of teleportation.
As you read the scroll of teleportation, it crumbles to dust.
You feel strangely unstable.
The orc priest calls down the wrath of Beogh upon you.
Beogh smites you!
You die...

###########
#.........############
#....:....##.........#
#.........##.........#
#......%.............#
#.........##.........#
#.........##g)...)...#######
#........)##@........##....##
####.####%##)o.......##......
#..###...###.######.....##
##..##..#...#.#..........#
#....#..###.#.#.##########
#.##.##..##.....#
#.##.###>#.....## #.##.#
#.#.....# ##.##.###.......##


You could see an orc priest and a hobgoblin.

Vanquished Creatures
  An orc wizard (D:2)
  An adder (D:2)
  A worm (D:2)
  2 dart slugs
  An orc (D:2)
  2 endoplasms (D:1)
  4 giant cockroaches
  4 goblins
  2 hobgoblins (D:2)
  4 jackals (D:2)
  3 quokkas
  5 ball pythons
  6 bats
  2 frilled lizards
  4 kobolds
  A rat (D:1)
43 creatures vanquished.

Notes
Turn   | Place    | Note
-------+----------+-------------------------------------------
     0 | D:1      | qw the Naga Hunter began the quest for the Orb.
     0 | D:1      | Reached XP level 1. HP: 19/19 MP: 1/1
     0 | D:1      | 0 ||| qw: Version: 0.3-a-7-ge0c9b40
     0 | D:1      | 0 ||| qw: Game counter: 836
     0 | D:1      | 0 ||| qw: Always use a shield: true
     0 | D:1      | 0 ||| qw: God list: Okawaru
     0 | D:1      | 0 ||| qw: Allow faded altars: false
     0 | D:1      | 0 ||| qw: Do Orc after D:15 true
     0 | D:1      | 0 ||| qw: Do second Lair branch before Depths: true
     0 | D:1      | 0 ||| qw: Lair rune preference: random
     0 | D:1      | 0 ||| qw: Plans: Normal
     0 | D:1      | 0 ||| PLANNING D:1-11
    49 | D:1      | 49 ||| INVOKING Spit Poison.
   106 | D:1      | 106 ||| INVOKING Spit Poison.
   211 | D:1      | 211 ||| INVOKING Spit Poison.
   226 | D:1      | Reached skill level 4 in Ranged Weapons
   226 | D:1      | Reached XP level 2. HP: 26/26 MP: 2/2
   245 | D:1      | 245 ||| INVOKING Spit Poison.
   320 | D:1      | 320 ||| INVOKING Spit Poison.
   332 | D:1      | 332 ||| INVOKING Spit Poison.
   368 | D:1      | 368 ||| INVOKING Spit Poison.
   427 | D:1      | 427 ||| INVOKING Spit Poison.
   440 | D:1      | 440 ||| INVOKING Spit Poison.
   588 | D:1      | 588 ||| INVOKING Spit Poison.
   804 | D:1      | 804 ||| UPGRADING to +0 cloak.
   809 | D:1      | 809 ||| UPGRADING to +0 pair of gloves.
   814 | D:1      | 814 ||| READING 5 scrolls labelled NIS FUEBAC.
   817 | D:1      | 817 ||| READING scroll labelled IRUORU JABOCW.
   818 | D:1      | 818 ||| READING scroll labelled ZAEZYP DIWYGI.
   819 | D:1      | 819 ||| READING scroll labelled ZUDA FYUMI.
   820 | D:1      | 820 ||| DROPPING scroll of butterflies.
   901 | D:2      | 901 ||| INVOKING Spit Poison.
   902 | D:2      | Reached XP level 3. HP: 32/32 MP: 3/3
   945 | D:2      | 945 ||| INVOKING Spit Poison.
   999 | D:2      | 999 ||| INVOKING Spit Poison.
  1004 | D:2      | 1004 ||| INVOKING Spit Poison.
  1008 | D:2      | 1008 ||| INVOKING Spit Poison.
  1063 | D:2      | 1063 ||| INVOKING Spit Poison.
  1088 | D:2      | 1088 ||| INVOKING Spit Poison.
  1092 | D:2      | 1092 ||| INVOKING Spit Poison.
  1098 | D:2      | 1098 ||| INVOKING Spit Poison.
  1105 | D:2      | 1105 ||| INVOKING Spit Poison.
  1108 | D:2      | 1108 ||| INVOKING Spit Poison.
  1187 | D:2      | Found a snail-covered altar of Cheibriados.
  1239 | D:2      | 1239 ||| INVOKING Spit Poison.
  1248 | D:2      | 1248 ||| INVOKING Spit Poison.
  1253 | D:2      | 1253 ||| INVOKING Spit Poison.
  1258 | D:2      | Reached skill level 5 in Ranged Weapons
  1258 | D:2      | Reached XP level 4. HP: 22/39 MP: 4/4
  1259 | D:2      | 1259 ||| INVOKING Spit Poison.
  1447 | D:2      | 1447 ||| READING scroll labelled ASAOSE MAICSU.
  1454 | D:3      | 1454 ||| INVOKING Spit Poison.
  1459 | D:3      | 1459 ||| INVOKING Spit Poison.
  1461 | D:3      | 1461 ||| STAIRDANCE
  1464 | D:2      | 1464 ||| INVOKING Spit Poison.
  1464 | D:2      | HP: 10/40 [orc priest/divine providence (9)]
  1465 | D:2      | 1465 ||| READING 4 scrolls of teleportation.
  1465 | D:2      | Killed from afar by an orc priest

Levels and vault maps discovered:
D:1:      wander_arrival_fairy_ring, layout_basic
D:2:      layout_rooms, basic_altar
D:3:      layout_rooms, mainiacjoe_overflow_catwalk,
          hellmonk_ecumenical_altar_heavens_door, minmay_pentangle

Skill      XL: |  1  2  3 |
---------------+----------+-----
Ranged Weapons | 4 5 |  5.0
Fighting       | |  2.7
Dodging        | |  1.5
Stealth        | |  1.5

Action                     |  1- 3 |  4- 6 || total
---------------------------+-------+-------++-------
   Fire: Shortbow          |    77 |     9 ||    86
Ability: Spit Poison       |    24 |     4 ||    28
    Use: Scroll            |     4 |     2 ||     6
 Armour: Leather armour    |    25 |     4 ||    29
  Dodge: Dodged            |    49 |     3 ||    52

Table legend:
 A = Non-vault XP
 B = Vault XP
 C = Vault XP percentage of total XP
 D = Non-vault monster count
 E = Vault monster count
 F = Vault count percentage of total count
                 A         B        C        D         E       F
            +---------+---------+-------+---------+---------+-------
      Total |     126 |       0 |   0.0 |      43 |       0 |   0.0
            +---------+---------+-------+---------+---------+-------
        D:1 |      31 |       0 |   0.0 |      18 |       0 |   0.0
        D:2 |      90 |       0 |   0.0 |      22 |       0 |   0.0
        D:3 |       5 |       0 |   0.0 |       3 |       0 |   0.0
            +---------+---------+-------+---------+---------+-------
